AoeStats
← The Polished Pole

Arena

508944002Analyzed
1v1 RM · 9d ago on Sep 24, 2026· 38m 14s· 2 players
Game mode
Random Map
Map size
Tiny (2 player)
Population
200
Speed
Normal
Resources
Standard
Victory
Conquest
Starting age
Dark Age
Ending age
Imperial Age
RankedLock teamsTeams togetherTeam positionsShared explorationLock speedFull tech treeHidden civsTurbo modeCheats
Victory
Defeat
🇺🇸 Poles · United States
328
+23
🇨🇭 Turks · Switzerland
482
-23
The Polished Pole
0:37 Loom
3:02 Loom
11:18 Feudal Age
13:19 Wheelbarrow
14:30 Double-Bit Axe
14:55 Horse Collar
17:15 Bloodlines
20:01 Forging
24:50 Castle Age
23:38 Arson
24:25 Scale Barding Armor
24:12 Fletching
24:23 Padded Archer Armor
24:26 Scale Mail Armor
25:51 Hand Cart
28:04 Szlachta Privileges
29:08 Iron Casting
28:38 Husbandry
29:51 Chain Mail Armor
31:45 Town Watch
32:05 Heavy Plow
32:19 Bow Saw
34:26 Murder Holes
34:52 Ballistics
34:44 Masonry
34:15 Treadmill Crane
37:39 Imperial Age
35:38 Chain Barding Armor
34:50 Crossbowman
35:38 Thumb Ring
Maischter
1:07 Loom
11:41 Feudal Age
12:09 Double-Bit Axe
13:07 Wheelbarrow
12:31 Town Watch
13:50 Horse Collar
22:05 Fletching
30:21 Castle Age
30:26 Padded Archer Armor
31:09 Squires
31:40 Bow Saw
38:16 Bodkin Arrow
Connection lost

Rejoining the realm…

Still unreachable

The connection could not be restored.

Session expired

The server has moved on; the page needs a fresh start.